 Dungeon Sprint DCSS version 0.19.5 (webtiles) character file.

1514 crazyCrawler the Slicer (level 9, -5/67 HPs)
             Began as a Kobold Enchanter on Apr 10, 2017.
             Was an Initiate of Vehumet.
             Slain by a centaur warrior (7 damage)
             ... in the Dungeon (Sprint I: "Red Sonja").
             The game lasted 00:06:37 (797 turns).

crazyCrawler the Slicer (Kobold Enchanter)           Turns: 797, Time: 00:06:38

Health: -5/67      AC:  3    Str: 10    XL:     9   Next: 9%
Magic:  20/20      EV: 23    Int: 19    God:    Vehumet [......]
Gold:   746        SH:  0    Dex: 16    Spells: 4 memorised, 14 levels left

rFire  . . .     SeeInvis .     m - +1 dagger (venom)
rCold  . . .     Gourm    .     b - +1 robe
rNeg   . . .     Faith    .     (shield restricted)
rPois  .         Spirit   .     (no helmet)
rElec  .         Reflect  .     (no cloak)
rCorr  .         Harm     .     (no gloves)
MR     .....     NoTele   +     (no boots)
Stlth  ..........               (no amulet)
                                (no ring)
                                (no ring)

@: berserking, very quick
A: carnivore 3
a: Renounce Religion


You were in the Dungeon.
You worshipped Vehumet.
Vehumet was noncommittal.
You were very full.

You visited 1 branch You collected 746 gold pieces.

Inventory:

Hand Weapons
 a - a +1 dagger
 l - a +6 blowgun
 m - a +1 dagger of venom (weapon)
Missiles
 n - 6 curare-tipped needles
Armour
 b - a +1 robe (worn)
Wands
 e - a wand of hasting (5/9)
Scrolls
 j - a scroll of blinking
 k - a scroll of identify {unknown}
 o - a scroll of remove curse {unknown}
Potions
 g - a potion of flight {unknown}
 h - 2 potions of magic
 i - a potion of curing
Books
 c - a book of Maledictions

   Spells                             Type                      Level
   a - Corona                         Hexes                        1
   b - Ensorcelled Hibernation        Hexes/Ice                    2
   c - Confuse                        Hexes                        3
   d - Tukima's Dance                 Hexes                        3
   e - Dazzling Spray                 Conjuration/Hexes            3
Comestibles
 d - a meat ration


   Skills:
 - Level 11.6 Short Blades
 - Level 11.0 Dodging
 - Level 10.0 Stealth
 + Level 7.8 Spellcasting
 * Level 10.9 Hexes


You had 14 spell levels left.
You knew the following spells:

 Your Spells              Type           Power        Failure   Level  Hunger
a - Corona                Hex            #####..      1%          1    None
b - Tukima's Dance        Hex            #####...     1%          3    #......
c - Ensorcelled Hibernat  Hex/Ice        ####..       1%          2    None
d - Confuse               Hex            #####...     1%          3    #......


Dungeon Overview and Level Annotations

Branches:
Dungeon (1/1)

Altars:
Cheibriados
Dithmenos
Elyvilon
Fedhas
Gozag
Hepliaklqana
Kikubaaqudgha
Nemelex Xobeh
Okawaru
Qazlal
Ru
Sif Muna
Trog
Uskayaw
Vehumet
Yredelemnul
Zin
The Shining One

Shops:
D ([[


Innate Abilities, Weirdness & Mutations

You are small and have problems with some larger weapons.
You are carnivorous and can eat meat at any time.


Message History

The centaur warrior hits you!
* * * LOW HITPOINT WARNING * * *
A red film seems to cover your vision as you go berserk!
You feel yourself moving faster!
You feel mighty! The centaur warrior barely misses you.
The centaur warrior closely misses you.
You puncture the centaur warrior!
The centaur warrior is poisoned.
The centaur warrior is lightly wounded.
The centaur warrior completely misses you.
The centaur warrior closely misses you.
You puncture the centaur warrior!
The centaur warrior looks as sick as possible!
The centaur warrior is moderately wounded.
Your unstable footing causes you to fumble your attack.
The centaur warrior hits you!
* * * LOW HITPOINT WARNING * * *
The centaur warrior closely misses you.
Your unstable footing causes you to fumble your attack.
Your unstable footing causes you to fumble your attack.
The centaur warrior hits you!
You die...

##############
.#..'..#.)'..#
.'..#.)'..#..+
.#####'#####'# ###
.####..#...#.####§§#
.#__####..##[#§§§§.#
.#_____##'#..+§§§c.+
⌠#_.∩...'..._#§§@c§#
##_..__##_.#'##§####
#_____###'#(#.§..###
##########.####§###.##
........'...'.....'.∩#
#++++####...##########
###.### #.#'#.#
#.....#


You could see 2 centaur warriors.

Vanquished Creatures
  Sonja (D)
  A deep troll (D)
  Sigmund (D)
  A yak (D)
  An ogre (D)
  A jelly (D)
  Ijyb (D)
  4 ballistomycetes (D)
  A ballistomycete spore (D)
12 creatures vanquished.

Vanquished Creatures (others)
  A gargoyle (D)
  A ballistomycete spore (D)
2 creatures vanquished.

Grand Total: 14 creatures vanquished

Notes
Turn   | Place    | Note
-------+----------+-------------------------------------------
     0 | D        | crazyCrawler the Kobold Enchanter began the quest for the Orb.
     0 | D        | Reached XP level 1. HP: 10/10 MP: 3/3
     1 | D        | Noticed Ijyb
    41 | D        | Killed Ijyb
    41 | D        | Reached skill level 5 in Stealth
    41 | D        | Reached XP level 2. HP: 14/15 MP: 5/5
    41 | D        | Reached XP level 3. HP: 18/19 MP: 6/6
    45 | D        | Learned a level 2 spell: Ensorcelled Hibernation
    49 | D        | Learned a level 3 spell: Tukima's Dance
    60 | D        | Noticed an ogre
    69 | D        | Killed an ogre
    69 | D        | Reached XP level 4. HP: 21/24 MP: 4/7
    69 | D        | Reached XP level 5. HP: 25/28 MP: 4/8
   120 | D        | Noticed Sigmund
   123 | D        | Killed Sigmund
   123 | D        | Reached skill level 10 in Short Blades
   123 | D        | Reached XP level 6. HP: 26/32 MP: 9/9
   133 | D        | Learned a level 3 spell: Confuse
   144 | D        | Found a deep blue altar of Sif Muna.
   146 | D        | Found a radiant altar of Vehumet.
   158 | D        | Became a worshipper of Vehumet
   171 | D        | Found Cuaf's Antique Armour Emporium.
   171 | D        | Found an ancient bone altar of Kikubaaqudgha.
   171 | D        | Found a hazy altar of Hepliaklqana.
   171 | D        | Found a stormy altar of Qazlal.
   171 | D        | Found a hide-covered altar of Uskayaw.
   171 | D        | Found a blossoming altar of Fedhas.
   171 | D        | Found a bloodstained altar of Trog.
   171 | D        | Found an iron altar of Okawaru.
   171 | D        | Found a basalt altar of Yredelemnul.
   171 | D        | Found a glowing golden altar of the Shining One.
   171 | D        | Found a snail-covered altar of Cheibriados.
   171 | D        | Found a sacrificial altar of Ru.
   171 | D        | Found a glowing silver altar of Zin.
   171 | D        | Found a shadowy altar of Dithmenos.
   171 | D        | Found a white marble altar of Elyvilon.
   171 | D        | Noticed a yak
   176 | D        | Killed a yak
   176 | D        | Reached skill level 10 in Stealth
   176 | D        | Reached XP level 7. HP: 33/36 MP: 3/10
   177 | D        | Found an opulent altar of Gozag.
   192 | D        | Found a sparkling altar of Nemelex Xobeh.
   213 | D        | Noticed Sonja
   217 | D        | Killed Sonja
   217 | D        | Reached XP level 8. HP: 41/41 MP: 8/17
   237 | D        | Found Qawy Von's Antique Weapon Boutique.
   472 | D        | Killed a gargoyle
   643 | D        | Noticed a deep troll
   751 | D        | Killed a deep troll
   751 | D        | Reached skill level 10 in Hexes
   751 | D        | Reached XP level 9. HP: 45/45 MP: 17/20
   761 | D        | Found Offo's Armour Emporium.
   787 | D        | Noticed a centaur warrior
   787 | D        | Noticed a centaur warrior
   795 | D        | HP: 2/67 [centaur warrior (7)]
   797 | D        | Slain by a centaur warrior

Skill      XL: |  1  2  3  4  5  6  7  8 |
---------------+-------------------------+-----
Short Blades   | 4 7 10 11 | 11.6
Dodging        | 4 7 9 11 | 11.0
Stealth        | 5 7 8 10 | 10.0
Spellcasting   | 6 7 |  7.8
Hexes          | 8 10 | 10.9

Action                   |  1- 3 |  4- 6 |  7- 9 || total
-------------------------+-------+-------+-------++-------
Melee: Dagger            |    42 |     5 |    67 ||   114
 Cast: Ensorcelled Hiber |     1 |     4 |       ||     5
  Use: Potion            |     3 |       |     4 ||     7
 Stab: Sleeping          |       |     3 |     2 ||     5
  Eat: Chunk             |     2 |     4 |     1 ||     7
Armor: Robe              |     4 |       |     1 ||     5
Dodge: Dodged            |    25 |     3 |     7 ||    35
